← All builds
Beach sea / Cortex / Economy first / OBSERVED BUILD

Standard beach sea

Cortex Beach sea build order · Supreme Isthmus

The role's usual play: com goes to sea to build a shipyard around 2 minutes, pumping frigates and destroyers to contest enemy sea entry or hold vision, with an advanced metal extractor around 10 minutes as the transition into the team's…

Usually shipyard first (94%)

#naval #eco · 840 distinct matches · 110 players · 84% of Cortex Beach sea games · team won 55% of 911 · Recently observed

HOW TO PLAY IT

Key timing: Shipyard by 1:57

  1. Open 3 mex and wind while com heads straight to sea.
  2. Drop Shipyard fast, before 2:00, to seize early sea presence.
  3. Push "frigate" out to contest enemy sea entry or hold vision.
  4. Add "destroyer" as the fleet grows.
  5. Transition into Advanced Metal Extractor to catch up on eco.

Phase by phase

TYPICAL OF ITS 840 GAMES
  1. 1
  2. 2
  3. 3
PLAY THE OPENING

Follow the example game's first 6:00 step by step: what to build now, what comes next, and where it goes. At 1× it keeps pace with your own game.

  1. 1

    Up to the Shipyard

    Economy
    • Metal Extractor3Mex
    • Wind Turbine3Windfor allies
    • Wind Turbine2Wind
    • Energy Storage1Energy storage
    Order
    1. ShipyardShipyard after 3 mex, 2 wind, 1 energy storagedone ~1:57, middle half 1:44–2:07

    By 1:40 in all: 3 mex · 2 wind · 1 energy storage

    The example game in this phase · 5 steps
    1. Mex ×3
    2. Wind ×2for Air
    3. Wind ×2
    4. GuardGuard
    5. ShipyardShipyarddone 1:44 · typical 1:57
  2. 2

    Shipyard to 5:00

    Economy
    • Metal Extractor5Mex
    • Tidal Generator2Tidal
    Builders
    • Construction Ship2 Con ship
    Army
    • Riptide2 Frigate
    • Herring1 Missile corvette
    • Oppressor1 Destroyer
    Other
    • Naval Radar / Sonar Tower1 Naval Radar / Sonar Tower

    Some games also: Urchin (44%) · wind (40%) · submarine (39%) · gunboat (36%) · con turret (35%)

    By 5:00 in all: 8 mex · 3 wind · 2 tidal · 1 energy storage

    The example game in this phase · 22 steps
    1. Tidal
    2. Construction ShipCon ship
    3. Tidal ×3
    4. Construction ShipCon ship ×2
    5. Tidal
    6. Mex
    7. Tidal
    8. Mex ×2
    9. RiptideFrigatedone 3:54 · typical 3:51
    10. Mex
    11. UrchinUrchin
    12. GuardGuard
    13. UrchinUrchin
    14. RiptideFrigate
    15. NettleNettle
    16. Naval Construction Turret
    17. Naval Radar / Sonar TowerNaval Radar / Sonar Tower
    18. Mex
    19. RiptideFrigate
    20. HerringMissile corvette
    21. Mex
    22. OppressorDestroyerdone 6:07 · typical 5:11
  3. 3

    5:00 to 10:00

    Economy
    • Metal Extractor1Mex
    • Wind Turbine9Wind
    Builders
    • Death Cavalry1 Death Cavalry
    • Construction Ship1 Con ship
    Army
    • Urchin1 Urchin
    • Riptide5 Frigate
    • Oppressor2 Destroyer
    • Herring2 Missile corvette
    Other
    • Naval Radar / Sonar Tower1 Naval Radar / Sonar Tower

    Some games also: Naval Construction Turret (48%) · Guard (47%) · Radar Tower (40%) · tidal (39%) · con turret (34%)

    By 10:00 in all: 9 mex · 12 wind · 4 wind · 4 tidal · 1 energy storage · 1 Naval Construction Turret

    The example game in this phase · 72 steps
    1. Tidal ×3
    2. UrchinUrchin
    3. NettleNettle
    4. Tidal
    5. SentrySentry
    6. Naval Radar / Sonar TowerNaval Radar / Sonar Tower
    7. Tidal ×2
    8. RiptideFrigate
    9. SentrySentry
    10. Naval Energy Converter ×2
    11. HerringMissile corvette
    12. RiptideFrigate
    13. Tidal
    14. SentrySentry
    15. Naval Radar / Sonar TowerNaval Radar / Sonar Tower
    16. UrchinUrchin
    17. Naval Energy Converter
    18. RiptideFrigate
    19. SentrySentry
    20. Naval Energy Converter
    21. RiptideFrigate
    22. OppressorDestroyer
    23. RiptideFrigate
    24. Advanced Metal ExtractorT2 mexdone 9:51 · typical 9:58
    25. Naval Radar / Sonar TowerNaval Radar / Sonar Tower
    26. HerringMissile corvette
    27. RiptideFrigate
    28. Wind
    29. RiptideFrigate
    30. Wind
    31. RiptideFrigate
    32. Advanced Metal ExtractorT2 mex
    33. Wind
    34. RiptideFrigate
    35. Wind
    36. Naval Radar / Sonar TowerNaval Radar / Sonar Tower ×2
    37. Wind
    38. OppressorDestroyer
    39. Advanced Metal ExtractorT2 mex
    40. Wind
    41. UrchinUrchin
    42. Wind
    43. RiptideFrigate
    44. Wind
    45. HerringMissile corvette
    46. RiptideFrigate
    47. Advanced Metal ExtractorT2 mex
    48. Wind
    49. Death CavalryDeath Cavalry
    50. Wind
    51. Naval Radar / Sonar TowerNaval Radar / Sonar Tower
    52. Naval Construction Turret
    53. RiptideFrigate
    54. Naval Construction Turret
    55. Wind
    56. RiptideFrigate
    57. Advanced ShipyardAdvanced Shipyarddone 13:30
    58. RiptideFrigate
    59. Wind ×2
    60. OppressorDestroyer
    61. BuccaneerCruiserdone 14:24
    62. Wind
    63. RiptideFrigate
    64. Wind
    65. HerringMissile corvette
    66. UrchinUrchin
    67. BuccaneerCruiser
    68. RiptideFrigate
    69. BuccaneerCruiser
    70. Wind ×2
    71. BrimstoneAnti-swarm shipnot finished by 15:00
    72. Death CavalryDeath Cavalry

Counts are medians over the build's games: half of them build more, half fewer. The example game is Kbot_my_Ahole's (37 OS, 02/10/2026); pick another.

Team trades

IN AT LEAST 30% OF ITS GAMES

You hand over

  • Wind Turbine3 Wind to Airfirst at 1:52 · in 78% of games

You get

  • Finch1 Finch from Airfirst at 1:58 · in 82% of games
  • Lazarus1 Lazarus from Geofirst at 2:13 · in 62% of games
  • Hephaestus1 Heavy transport from Airfirst at 2:16 · in 68% of games
  • Construction Bot1 Con bot from Geofirst at 2:28 · in 69% of games
  • Hercules1 Light transport from Airfirst at 2:35 · in 32% of games
  • Advanced Construction Bot1 T2 con bot from Techfirst at 8:09 · in 88% of games

How it plays out

Typical game of this build, running totals by minute

Metal produced

010k20k30k
0:005:0010:0015:00

metal

Enemy metal destroyed

05k10k
0:005:0010:0015:00

metal

Own metal lost

02.5k5k7.5k
0:005:0010:0015:00

metal

911 games.

Show as table
ByMetal produced: This buildEnemy metal destroyed: This buildOwn metal lost: This build
1:0040300
2:0093700
3:00156900
4:0025342151
5:003708197100
6:005034535255
7:0064761081591
8:00806218211031
9:00967428201581
10:001157039342334
11:001378150203070
12:001631761193806
13:001909971094570
14:002189381835721
15:002490892026551
WHAT THE NUMBERS SAY

Standard Beach sea wins more than Geo sea's 50% and gets its Shipyard up faster, using early sea access before falling behind on land resources.

  • + Shipyard finishes by 1:57, faster than Geo sea's 3:18
  • + 54% team win rate beats the Cortex geo sea baseline
  • − Metal produced trails Geo sea's Cortex build, 24356 vs 28451 by 15:00
  • − T2 factory only lands in 35% of games by 12:42
THE EXAMPLE YOU ARE READING

Kbot_my_Ahole

36.5 OS · 02/10/2026

Open source match ↗

8 received units · includes a constructor
36 metal received · 5899 energy received

Allied construction assistance is unknown. Timings are observations, not a promise of solo reproducibility.

Typical milestones

Shipyard1:57Middle 50%: 1:44–2:07 · n=909
Riptide3:51Middle 50%: 3:15–4:34 · n=894
Oppressor5:11Middle 50%: 4:17–6:08 · n=877
Advanced Metal Extractor9:58Middle 50%: 9:17–10:53 · n=770

Played most by

EpicTyrannus89games of this buildDamsko67games of this buildWaboum64games of this buildPRO_HYDRA60games of this buildKbot_my_Ahole51games of this build